Description

VIBE B2GM DIAMOND 3 Game 1 ZvZ 12-Pool v ling all-in

VOD

https://www.youtube.com/watch?v=DyVbfEPW_Pg&list=PLFeZeom2b4Dlh0ODA1b0Emdpxys8WNRv3&index=17

Replay - Diamond 3 - ZvZ - Game 1

Build Order

Get SALT Encoding   

  12  0:18  Spawning Pool  
  11  0:22  Drone  
  11  0:27  Drone x2  
  14  0:41  Overlord  
  14  1:05  Zergling x6  
  17  1:19  Hatchery  
  17  1:20  Zergling x2  
  17  1:28  Zergling x2  
  18  1:34  Queen  
  20  1:50  Zergling x4  
  22  2:13  Overlord  
  20  2:24  Drone  
  21  2:30  Queen  
  21  2:34  Drone x3  
  26  2:47  Drone x3  
  29  3:01  Extractor  
  29  3:02  Queen  
  33  3:25  Overlord  
  36  3:39  Spine Crawler  
  39  3:49  Roach Warren  
  39  3:50  Evolution Chamber x2  
  36  3:58  Zergling x4  
  38  4:06  Zergling x2  
  36  4:15  Evolution Chamber  
  42  4:30  Queen  
  44  4:41  Evolution Chamber  
  44  4:53  Overlord x2  
  44  4:56  Lair  
  44  4:59  Extractor  
  46  5:27  Roach x2  
  52  5:31  Extractor  
  51  5:36  Roach  
  53  5:46  Roach x5  
  63  5:52  Evolution Chamber  
  60  6:01  Glial Reconstitution  
  61  6:15  Zerg Missile Weapons Level 1  
  62  6:27  Roach x2  
  62  6:31  Hatchery  
  75  6:40  Queen  
  86  7:20  Queen  
  92  7:33  Extractor  
  108  8:27  Queen  
  118  8:57  Zerg Missile Weapons Level 2, Zerg Ground Armor Level 1  
  126  9:09  Hatchery  
  125  9:27  Queen  
Spawning Tool Build Advisor. Get it on Overwolf

Go to:

Details

  • Created by: lkojr89
  • Published on: Jun 21, 2024
  • Modified on: Jun 21, 2024
  • Patch: 5.0.11
  • Difficulty: Hard
Show
View Real Time Build Order
Export as new Build Order

Comments (0)

There are no comments. Be the first!

Create an account to comment!